 Dungeon Crawl Stone Soup version 0.32-a0-900-g30fb1b0edc (webtiles) character file.

Game seed: 13139823506570678573

2778 123dance the Cleaver (level 9, -11/79 HPs)
             Began as a Minotaur Fighter on Apr 5, 2024.
             Mangled by a spriggan
             ... wielding a +0 trident
              (15 damage)
             ... in a bailey.
             The game lasted 00:34:47 (7023 turns).

123dance the Cleaver (Minotaur Fighter)             Turns: 7023, Time: 00:34:47

Health: -11/79     AC:  9    Str: 26    XL:     9   Next: 42%
Magic:  8/8        EV: 10    Int:  5    God:
Gold:   564        SH:  4    Dex:  9    Spells: 8/8 levels left

rFire   . . .        a - +2 war axe (chaos)
rCold   . . .        c - +0 buckler
rNeg    . . .        d - +2 ring mail {rPois}
rPois   +            (helmet restricted)
rElec   .            (no cloak)
rCorr   .            (no gloves)
SInv    .            (no boots)
Will    +....        f - amulet of the acrobat
Stlth   +            b - ring of poison resistance
HPRegen 0.33/turn    g - ring of willpower
MPRegen 0.11/turn

%: acrobat
@: about to teleport
A: horns 2, retaliatory headbutt
a: no special abilities


You were in a bailey.
You visited 2 branches of the dungeon, and saw 8 of its levels.
You also visited: Bailey.

You collected 564 gold pieces.

Inventory:

Hand Weapons
 a - a +2 war axe of chaos (weapon)
Missiles
 e - 42 stones (quivered)
 i - 5 poisoned darts
Armour
 c - a +0 buckler (worn)
 d - a +2 ring mail of poison resistance (worn)
Jewellery
 b - a ring of poison resistance (left hand)
 f - an amulet of the acrobat (around neck)
 g - a ring of willpower (right hand)
Wands
 m - a wand of polymorph (5)
Scrolls
 h - 2 scrolls of teleportation
 k - 5 scrolls of fog
 n - 2 scrolls of immolation
Potions
 l - 2 potions of curing
 o - 8 potions of degeneration


   Skills:
 + Level 7.5 Fighting
 + Level 10.3 Axes
 + Level 0.9 Throwing
 + Level 9.1 Armour
 + Level 2.8 Dodging
 + Level 1.1 Stealth
 + Level 4.9 Shields
 + Level 0.5 Unarmed Combat


You had 8 spell levels left.
You didn't know any spells.
Your spell library contained the following spells:

 Spells                   Type           Power      Damage    Failure   Level
 Sandblast                Erth           0%         2d4       65%         1
 Fugue of the Fallen      Necr           0%         N/A       95%         3
 Ozocubu's Armour         Ice            0%         N/A       95%         3
 Stone Arrow              Conj/Erth      0%         3d7       95%         3
 Brom's Barrelling Bould  Conj/Erth      0%         2d3       100%        4
 Manifold Assault         Tloc           0%         N/A       100%        7


Dungeon Overview and Level Annotations

Branches:
Dungeon (7/15)             Temple (1/1) D:5          Bailey (1/1)

Altars:
Cheibriados
Dithmenos
Elyvilon
Makhleb
Nemelex Xobeh
Okawaru
Qazlal
Ru
Sif Muna
Trog
Vehumet
Yredelemnul
Zin
The Shining One

Annotations:
D:3 1 runed translucent door, Arkalis's ghost, weakling TrFi


Innate Abilities, Weirdness & Mutations

You have a pair of horns on your head.
You reflexively headbutt those who attack you in melee.


Message History

You headbutt the spriggan, but do no damage.
You miss the spriggan. The spriggan hits you with a +0 spear.
You hit the spriggan. You burn the spriggan.
The spriggan is moderately wounded.
The spriggan hits you with a +0 spear!
You hit the spriggan.
The spriggan blinks!
The spriggan is heavily wounded.
The spriggan barely misses you. The spriggan hits you with a +0 spear.
You barely miss the spriggan. Your headbutt misses the spriggan.
The spriggan is heavily wounded.
The spriggan hits you with a +0 spear!
You slash the spriggan! You freeze the spriggan.
You kill the spriggan!
Things that are here:
a +0 spear; a spriggan corpse
Found four items.
A two-headed ogre and an acid dragon come into view.
Found four items.
The two-headed ogre shouts in stereo!
The acid dragon roars!
You hear a shout!
A spriggan comes into view. It is wielding a +0 trident.
The spriggan misses you. You block the spriggan's attack.
The spriggan completely misses you.
You hit the spriggan.
The spriggan is poisoned.
Your headbutt misses the spriggan.
The spriggan is lightly wounded.
The spriggan barely misses you. The acid dragon spits acid at you.
The splash of acid hits you!!
* * * LOW HITPOINT WARNING * * *
As you read the scroll of teleportation, it crumbles to dust.
You feel strangely unstable.
The spriggan hits you with a +0 trident!
* * * LOW HITPOINT WARNING * * *
You closely miss the spriggan. Your headbutt misses the spriggan.
The spriggan is moderately wounded.
You slash the acid dragon!
The spriggan hits you with a +0 trident!
You die...

######### ##.......## ###
##.........## ##.##
#..#♣###♣♣..## ##...##
#..♣#.....##..## #.....#
##..##.......##..##
##.....###..##@i♣##♣♣..♣...#
#...∩..~~~..♣.D♣♣.??♣♣.#...#
#......~~~..#..#..≈!?♣.#~..#
#......~~~).♣..O.≈≈≈!♣.~~..#
#......~~~..♣..#O.≈))♣.#~..#
#...∩..~~)..♣..♣♣.!?♣♣.♣...#
##.....###..♣#..♣♣#♣♣..♣...#
#.....# ##..##...)...##..##
##...## ##..##.....##..##


You could see a two-headed ogre, an acid dragon (catching breath) and a spriggan
(poisoned).

Vanquished Creatures
  Pikel (D:5)
  Sigmund (D:6)
  2 spriggans (Bailey)
  Edmund (D:6)
  3 ice beasts
  4 ogres
  A centaur (D:5)
  A lemure (D:5)
  2 phantoms
  A bullfrog (D:6)
  4 scorpions
  2 howler monkeys (D:7)
  2 jellies
  3 hounds
  4 orc priests
  2 orc wizards (D:5)
  3 gnolls (D:7)
  7 adders
  A shadow imp (D:7)
  2 white imps (D:6)
  2 ufetubi (D:5)
  A dart slug (D:4)
  10 orcs
  9 bats
  2 endoplasms
  2 giant cockroaches
  3 goblins
  7 hobgoblins
  2 jackals (D:1)
  2 quokkas
  8 ball pythons
  5 frilled lizards
  7 kobolds
  11 rats
118 creatures vanquished.

Vanquished Creatures (others)
  A scorpion zombie (D:5)
1 creature vanquished.

Grand Total: 119 creatures vanquished

Notes
Turn   | Place    | Note
-------+----------+-------------------------------------------
     0 | D:1      | 123dance the Minotaur Fighter began the quest for the Orb.
     0 | D:1      | Reached XP level 1. HP: 19/19 MP: 0/0
   136 | D:1      | Reached XP level 2. HP: 24/27 MP: 1/1
  1052 | D:2      | Reached skill level 3 in Axes
  1165 | D:2      | Reached XP level 3. HP: 28/33 MP: 2/2
  1456 | D:2      | Reached XP level 4. HP: 41/41 MP: 3/3
  2112 | D:3      | Found a runed translucent door.
  2129 | D:3      | Noticed Arkalis's ghost (weakling TrFi)
  2358 | D:3      | Reached skill level 4 in Axes
  2419 | D:3      | Found a faded altar of an unknown god.
  2827 | D:4      | Reached XP level 5. HP: 24/47 MP: 4/4
  2990 | D:4      | Noticed an ice beast
  2996 | D:4      | Killed an ice beast
  2997 | D:4      | Reached skill level 5 in Axes
  3633 | D:4      | Reached skill level 5 in Fighting
  3633 | D:4      | Reached skill level 5 in Armour
  3633 | D:4      | Reached XP level 6. HP: 50/56 MP: 5/5
  3674 | D:5      | Entered Level 5 of the Dungeon
  3802 | D:5      | Reached skill level 6 in Axes
  3857 | D:5      | Reached skill level 1 in Dodging
  3857 | D:5      | Reached XP level 7. HP: 61/61 MP: 6/6
  3865 | D:5      | Noticed Pikel
  3933 | D:5      | Killed Pikel
  3934 | D:5      | Reached skill level 7 in Axes
  3934 | D:5      | Reached XP level 8. HP: 65/70 MP: 7/7
  4132 | D:5      | Found a staircase to the Ecumenical Temple.
  4155 | D:5      | Reached skill level 8 in Axes
  4624 | Temple   | Entered the Ecumenical Temple
  4874 | D:6      | Noticed Sigmund
  4880 | D:6      | Killed Sigmund
  4881 | D:6      | Reached skill level 9 in Axes
  4889 | D:6      | Found a white marble altar of Elyvilon.
  5447 | D:6      | Noticed Edmund
  5465 | D:6      | Killed Edmund
  5466 | D:6      | Reached XP level 9. HP: 31/78 MP: 8/8
  5520 | D:6      | Found a glowing silver altar of Zin.
  6120 | D:7      | Found a sacrificial altar of Ru.
  6438 | D:7      | Found a burning altar of Makhleb.
  6855 | D:7      | Found a flagged portal.
  6876 | Bailey   | Entered a bailey
  6907 | Bailey   | Reached skill level 10 in Axes
  6935 | Bailey   | Reached skill level 1 in Stealth
  7017 | Bailey   | Noticed a two-headed ogre
  7017 | Bailey   | Found the +7 lajatang of Order {silver, rMut}
  7023 | Bailey   | Mangled by a spriggan

Illustrated notes

Levels and vault maps discovered:
D:1:      nzn_arrival_depleted_hourglass, layout_basic, hangedman_decor_push
D:2:      layout_loops_ring
D:3:      layout_loops_ring, ebering_ghost_reflecting_pool,
          basic_ecumenical_altar, nrook_campfire
D:4:      layout_loops_ring
D:5:      layout_loops_ring, minmay_temple_entry_steel_oval, uniq_pikel
D:6:      layout_gridville, amcnicky_altar_gilded, elyvilon_altar_5,
          kennysheep_windowed_goal, uniq_sigmund, uniq_edmund
D:7:      layout_loops_corners, makhleb_blood_cavern_becter,
          mainiacjoe_overflow_concentric_impassable, enter_bailey_7,
          chequers_arboretum
Temple:   chequers_temple_sunken
Bailey:   bailey_polearm_enchanted_keep_hellmonk, bailey

Skill      XL: |  1  2  3  4  5  6  7  8  9 |
---------------+----------------------------+-----
Fighting       | 4 5 6 7 |  7.5
Armour         | 4 5 6 8 9 |  9.1
Axes           | 3 4 5 6 7 9 10 | 10.3
Shields        | 4 |  4.9
Dodging        | 1 2 |  2.8
Stealth        | 1 |  1.1
Throwing       | |  0.9
Unarmed Combat | |  0.5

Action                     |  1- 3 |  4- 6 |  7- 9 || total
---------------------------+-------+-------+-------++-------
  Melee: War axe           |    95 |    72 |   103 ||   270
         Headbutt          |     7 |    12 |    14 ||    33
         Unarmed           |       |       |     7 ||     7
  Throw: Stone             |     4 |     3 |     7 ||    14
    Use: Scroll            |     3 |     7 |     6 ||    16
         Potion            |       |     4 |     7 ||    11
   Stab: Paralysed         |       |       |     1 ||     1
 Armour: Scale mail        |   112 |     7 |       ||   119
         Plate armour      |       |    57 |    42 ||    99
         Skin              |       |       |    17 ||    17
         Ring mail         |       |       |    38 ||    38
  Dodge: Dodged            |    61 |    30 |    93 ||   184
  Block: Buckler           |    28 |    12 |    18 ||    58

Table legend: (Time is in decaauts)
 A = Elapsed time spent in this place.
 B = Non-inter-level travel time spent in this place.
 C = Inter-level travel time spent in this place.
 D = Time resting spent in this place.
 E = Time spent auto-exploring this place.
 F = Levels seen in this place.
 G = Mean time per level.
                   A        B        C        D        E       F      G
               +--------+--------+--------+--------+--------+-----+--------+
         Total |   7126 |   5908 |   1218 |    104 |     35 |   9 |  791.8 |
       Dungeon |   6879 |   5661 |   1218 |    104 |     35 |   7 |  982.7 |
        Temple |     94 |     94 |      0 |      0 |      0 |   1 |   94.0 |
        Bailey |    152 |    152 |      0 |      0 |      0 |   1 |  152.0 |
               +--------+--------+--------+--------+--------+-----+--------+

Top non-repeatable levels by time:
     D:6: 1350 daAuts
     D:5: 1019 daAuts
     D:1: 983 daAuts
     D:4: 977 daAuts
     D:3: 931 daAuts
     D:2: 850 daAuts
     D:7: 766 daAuts
  Bailey: 152 daAuts
  Temple: 94 daAuts
